 Dungeon Crawl Stone Soup version 0.21.0-3-g78d12a8 (webtiles) character file.

22 zhorgal the Magician (level 2, 0/14 HPs)
             Began as a Vine Stalker Wanderer on Jan 16, 2018.
             Slain by an adder (1 damage)
             ... on level 2 of the Dungeon.
             The game lasted 00:02:58 (833 turns).

zhorgal the Magician (Vine Stalker Wanderer)         Turns: 833, Time: 00:02:59

Health: 0/14       AC:  2    Str: 12    XL:     2   Next: 91%
Magic:  0/8        EV: 11    Int: 14    God:
Gold:   33         SH:  0    Dex: 13    Spells: 9/9 levels left

rFire    . . .     SeeInvis .   g - +0 short sword
rCold    . . .     Gourm    .   (no shield)
rNeg     . . .     Faith    .   d - +0 robe
rPois    .         Spirit   +   (no helmet)
rElec    .         Reflect  .   (no cloak)
rCorr    .         Harm     .   (no gloves)
MR       .....                  (no boots)
Stlth    +.........             (no amulet)
HPRegen  0.04/turn              (no ring)
MPRegen  0.11/turn              (no ring)

@: lethally poisoned (0 -> -8)
A: fangs 2, magic shield, antimagic bite, no potion heal 3, rot immunity
a: no special abilities


You were on level 2 of the Dungeon.
You were not hungry.

You visited 1 branch of the dungeon, and saw 2 of its levels.

You collected 33 gold pieces.

Inventory:

Hand Weapons
 e - a +0 dagger
 g - a +0 short sword (weapon)
Armour
 d - a +0 robe (worn)
Scrolls
 i - 3 scrolls of identify {unknown}
Potions
 c - a potion of curing
Books
 a - a book of Flames

   Spells                             Type                      Level
   a - Flame Tongue                   Conjuration/Fire             1
   b - Throw Flame                    Conjuration/Fire             2
   c - Conjure Flame                  Conjuration/Fire             3
   d - Inner Flame                    Hexes/Fire                   3
   e - Sticky Flame                   Conjuration/Fire             4
   f - Fireball                       Conjuration/Fire             5
 b - the Volume of Cold

   Spells                             Type                      Level
   a - Throw Frost                    Conjuration/Ice              2
   b - Ensorcelled Hibernation        Hexes/Ice                    2
Comestibles
 f - a ration
 h - 3 chunks of flesh


   Skills:
 + Level 1.3 Fighting
 + Level 1.4 Short Blades
 - Level 1.7 Throwing
 - Level 4.3 Spellcasting
   Level 1.0 Conjurations
   Level 2.0 Fire Magic
   Level 1.0 Air Magic


You had 9 spell levels left.
You didn't know any spells.

Dungeon Overview and Level Annotations

Branches:
Dungeon (2/15)

Altars:


Innate Abilities, Weirdness & Mutations

You have extremely sharp teeth.
When hurt, damage is shared between your health and your magic reserves.
Your bite disrupts and absorbs the magic of your enemies.
Potions cannot restore your health.
You are immune to rotting.


Message History

You closely miss the jackal. The jackal closely misses you.
The jackal bites you but does no damage.
You hit the jackal.
You kill the jackal!
The adder barely misses you.
You hit the adder. You bite the adder, but do no damage.
The adder bites you but does no damage.
You hit the adder but do no damage. The adder misses you.
You closely miss the adder. Your bite misses the adder.
The adder barely misses you. The adder bites you.
* * * LOW HITPOINT WARNING * * *
You take 1 damage, and have 2/14 hp.
You now have 3/8 mp.
You closely miss the adder. The adder bites you.
You are lethally poisoned!
The adder poisons you!
You now have 2/8 mp.
You barely miss the adder. Your bite misses the adder.
* * * LOW HITPOINT WARNING * * *
You feel sick. The adder bites you.
You die...

.........#.#..# .#..
..>..........g######..#.
.##########.S.##........
.........g.........
......####.g.......
...... ##........ ......
##.......#
......####g..######
.......@SSg###
......###### ..... ....
... ##


You could see an adder, 2 hobgoblins and a ball python.

Vanquished Creatures
  A ball python (D:1)
  2 giant cockroaches (D:1)
  2 goblins (D:1)
  6 jackals
  4 bats (D:1)
  2 kobolds (D:1)
  A rat (D:1)
18 creatures vanquished.

Notes
Turn   | Place    | Note
-------+----------+-------------------------------------------
     0 | D:1      | zhorgal the Vine Stalker Wanderer began the quest for the Orb.
     0 | D:1      | zhorgal set off with: a book of Flames, the Volume of Cold, a potion of curing, a +0 robe, a +0 dagger, a ration
     0 | D:1      | Reached XP level 1. HP: 9/9 MP: 6/6
     0 | D:1      | Identified the Volume of Cold
   186 | D:1      | Reached XP level 2. HP: 13/14 MP: 6/8
   199 | D:1      | Reached skill level 1 in Short Blades
   203 | D:1      | Reached skill level 1 in Fighting
   833 | D:2      | Slain by an adder

Skill      XL: |  1  2 |
---------------+-------+-----
Short Blades   | 1 |  1.4
Fighting       | 1 |  1.3
Throwing       | |  1.7
Spellcasting   | |  4.3
Conjurations   | |  1.0
Fire Magic     | |  2.0
Air Magic      | |  1.0

Action                   || total
-------------------------++-------
Melee: Short sword       ||    60
       Dagger            ||     8
       Bite              ||    12
Armor: Robe              ||    19
Dodge: Dodged            ||    49
